 Dungeon Crawl Stone Soup version 0.26-a0-651-gb41185065b (webtiles) character file.

Game seed: 13729646970599050833

450 Lanoc the Firebug (level 6, -7/45 HPs)
             Began as a Draconian Fire Elementalist on Oct 6, 2020.
             Mangled by a hornet (9 damage)
             ... on level 5 of the Dungeon.
             The game lasted 00:05:21 (3531 turns).

Lanoc the Firebug (Draconian Fire Elementalist)     Turns: 3531, Time: 00:05:21

Health: -7/45      AC:  9    Str: 10    XL:     6   Next: 74%
Magic:  4/9        EV: 13    Int: 18    God:
Gold:   243        SH:  4    Dex: 11    Spells: 8/9 levels left

rFire    . . .     SeeInvis .   a - +1 dagger (elec)
rCold    . . .     Faith    +   c - +0 buckler
rNeg     . . .     Spirit   .   (armour unavailable)
rPois    .         Reflect  .   (helmet restricted)
rElec    .         Harm     .   v - +0 cloak
rCorr    .         Rampage  .   b - +1 pair of gloves
MR       .....                  (no boots)
Stlth    ++........             n - amulet of faith
HPRegen  0.15/turn              e - ring of wizardry
MPRegen  0.11/turn              o - ring of flight

@: mighty, lethally poisoned (-7 -> -19), slowed, very slow
A: unfitting armour, cold-blooded, AC +6
a: Evoke Flight


You were on level 5 of the Dungeon.
You visited 1 branch of the dungeon, and saw 5 of its levels.

You collected 243 gold pieces.

Inventory:

Hand Weapons
 a - a +1 dagger of electrocution (weapon)
Armour
 b - a +1 pair of gloves (worn)
 c - a +0 buckler (worn)
 v - a +0 cloak (worn)
Jewellery
 e - a ring of wizardry (left hand)
 n - an amulet of faith (around neck)
 o - a ring of flight (right hand)
Wands
 p - a wand of acid (8)
Scrolls
 d - a scroll of remove curse {unknown}
 f - a scroll of identify {unknown}
 g - 2 scrolls of fear {unknown}
 h - 5 scrolls of magic mapping {unknown}
 k - 2 scrolls of blinking {unknown}
 m - 2 scrolls of enchant armour {unknown}
 s - a scroll of fog {unknown}
 t - 4 scrolls of immolation {unknown}
Potions
 l - a potion of stabbing {unknown}
 q - a potion of lignification {unknown}
 r - a potion of degeneration {unknown}
 u - a potion of invisibility {unknown}


   Skills:
 + Level 3.6 Dodging
 - Level 1.7 Stealth
 + Level 3.1 Shields
 - Level 2.0 Spellcasting
 - Level 1.0 Conjurations
 * Level 5.9 Fire Magic


You had 8 spell levels left.
You knew the following spells:

 Your Spells              Type           Power        Failure   Level
a - Foxfire               Conj/Fire      ##..         1%          1

Your spell library contained the following spells:

 Spells                   Type           Power        Failure   Level
 Conjure Flame            Conj/Fire      ##......     6%          3
 Inner Flame              Hex/Fire       ##......     8%          3
 Sticky Flame             Conj/Fire      ##......     19%         4
 Fireball                 Conj/Fire      ##........   45%         5


Dungeon Overview and Level Annotations

Branches:
Dungeon (5/15)
 Temple: D:4-7

Altars:
Okawaru


Innate Abilities, Weirdness & Mutations

Your plain brown scales are hard. (AC +6)
You cannot fit into any form of body armour.
You are cold-blooded and may be slowed by cold attacks.


Message History

The hornet stings you but does no damage.
The ooze barely misses you. The hornet misses you.
Okay, then.
You hit the hornet.
The hornet is moderately wounded.
You feel yourself speed up.
* * * LOW HITPOINT WARNING * * *
You feel sick. The hornet barely misses you. You block the ooze's attack.
The hornet completely misses you.
You closely miss the hornet.
The hornet is moderately wounded.
* * * LOW HITPOINT WARNING * * *
You feel sick. The hornet stings you.
* * * LOW HITPOINT WARNING * * *
You feel yourself slow down. The ooze misses you.
You hit the hornet.
The hornet is heavily wounded.
* * * LOW HITPOINT WARNING * * *
You feel sick. The hornet stings you!
You die...

#....# . #.... #..
##...#### #..
#.......# .
#.###.......##.
..###...#.........
................#..
#...>..y@........
##..#....J.........
............######
(..
####..##.#......##
.. #.. #.#...##..##
#.## #.
#.#........###..#
#.
#.....###....##.# #
........#
###.....##
.##.....# #..#...##


You could see a hornet and an ooze.

Vanquished Creatures
  A sky beast (D:3)
  An ogre (D:4)
  An orc wizard (D:3)
  A worker ant (D:4)
  7 gnolls
  6 adders
  A shadow imp (D:5)
  3 dart slugs
  5 leopard geckos
  11 orcs
  A ball python (D:3)
  3 giant cockroaches
  8 hobgoblins
  3 jackals (D:4)
  9 bats
  5 frilled lizards
  9 goblins
  8 kobolds
  4 rats
87 creatures vanquished.

Vanquished Creatures (others)
  192 foxfires
192 creatures vanquished.

Grand Total: 279 creatures vanquished

Notes
Turn   | Place    | Note
-------+----------+-------------------------------------------
     0 | D:1      | Lanoc the Draconian Fire Elementalist began the quest for
                  | the Orb.
     0 | D:1      | Reached XP level 1. HP: 14/14 MP: 3/3
   208 | D:1      | Reached XP level 2. HP: 19/20 MP: 5/5
   534 | D:2      | Reached XP level 3. HP: 11/26 MP: 4/6
   785 | D:2      | Reached skill level 1 in Shields
   988 | D:2      | Reached skill level 4 in Fire Magic
  1250 | D:2      | Reached XP level 4. HP: 33/33 MP: 0/7
  1657 | D:3      | Found an iron altar of Okawaru.
  1871 | D:3      | Reached XP level 5. HP: 38/38 MP: 3/8
  1875 | D:3      | Noticed a sky beast
  2123 | D:3      | Killed a sky beast
  2123 | D:3      | Reached skill level 5 in Fire Magic
  2123 | D:3      | Reached XP level 6. HP: 45/45 MP: 0/9
  3438 | D:5      | Entered Level 5 of the Dungeon
  3515 | D:5      | Noticed a hornet
  3522 | D:5      | Paralysed by a hornet for 2 turns
  3530 | D:5      | HP: 2/45 [hornet (3)]
  3531 | D:5      | Mangled by a hornet

Illustrated notes

Levels and vault maps discovered:
D:1:      mrwooster_arrival_statue_3, layout_basic
D:2:      layout_loops_ring, minmay_tall_x
D:3:      layout_loops_ring, okawaru_gym_becter
D:4:      layout_loops_cross, minmay_misc_feat_room
D:5:      layout_rooms, fedhas_ov_isle_minmay, serial_shops, kennysheep_mini,
          uniq_blork_the_orc, uniq_duvessa

Skill      XL: |  1  2  3  4  5  6 |
---------------+-------------------+-----
Dodging        | 2 3 |  3.6
Shields        | 1 2 3 |  3.1
Fire Magic     | 4 5 |  5.9
Stealth        | |  1.7
Spellcasting   | |  2.0
Conjurations   | |  1.0

Action                   |  1- 3 |  4- 6 || total
-------------------------+-------+-------++-------
Melee: Dagger            |    64 |    78 ||   142
       Tailslap          |     5 |     7 ||    12
 Cast: Foxfire           |    28 |    85 ||   113
  Use: Potion            |       |     3 ||     3
 Stab: Sleeping          |     1 |     1 ||     2
Armor: Skin              |    20 |    29 ||    49
Dodge: Dodged            |    42 |    74 ||   116
Block: Buckler           |     7 |    13 ||    20

Table legend: (Time is in decaauts)
 A = Elapsed time spent in this place.
 B = Non-inter-level travel time spent in this place.
 C = Inter-level travel time spent in this place.
 D = Time resting spent in this place.
 E = Time spent auto-exploring this place.
 F = Levels seen in this place.
 G = Mean time per level.
                   A        B        C        D        E       F      G
               +--------+--------+--------+--------+--------+-----+--------+
         Total |   3535 |   3490 |     45 |      0 |   2921 |   5 |  707.0 |
       Dungeon |   3535 |   3490 |     45 |      0 |   2921 |   5 |  707.0 |
               +--------+--------+--------+--------+--------+-----+--------+

Top non-repeatable levels by time:
     D:3: 1266 daAuts
     D:2: 1137 daAuts
     D:4: 694 daAuts
     D:1: 341 daAuts
     D:5: 95 daAuts
